WCHLSIM.com - West Coast Hockey League
html PUBLIC "-//W3C//DTD XHTML 1.0 Transitional//EN" "http://www.w3.org/TR/xhtml1/DTD/xhtml1-transitional.dtd"> WCHL - Game 276 - VANCOUVER VOODOO vs SASKATOON DUCKS

VANCOUVER VOODOO vs SASKATOON DUCKS

Created - 14 novembre 2019 at 17:55

Goals
1 2 3 T
VANCOUVER VOODOO 1 1 1 3
SASKATOON DUCKS 0 1 0 1
Shots
1 2 3 T
VANCOUVER VOODOO 11 10 13 34
SASKATOON DUCKS 4 5 6 15

1st period

1. VANCOUVER VOODOO , Bryan Little 2 (Michael Matheson 8, Andrew Shaw 6) at 15:08

Penalties :
Vladislav Namestnikov (SAS) for Hooking (Minor) at 4:10, Nate Schmidt (SAS) for Interference (Minor) at 9:38

2nd period

2. VANCOUVER VOODOO , Michael Matheson 4 (Andrew Shaw 7, Magnus Paajarvi-Svensson 5) at 2:01
3. SASKATOON DUCKS , Andreas Athanasiou 8 (Dylan Strome 12) at 18:15

Penalties :
Andreas Athanasiou (SAS) for Tripping (Minor) at 6:26, Derek Forbort (SAS) for Diving (Minor) at 19:30

3rd period

4. VANCOUVER VOODOO , Andrew Shaw 3 (Magnus Paajarvi-Svensson 6) at 9:59

Penalties :
Dylan Strome (SAS) for Tripping (Minor) at 4:03, Leo Komarov (VAN) for Tripping (Minor) at 11:48, Derek Forbort (SAS) for Boarding (Minor) at 17:06

Goalie Stats

Carey Price (VAN), 14 saves from 15 shots - (0,933), W, 9-5-3, 60:00 minutes
Cameron Talbot (SAS), 31 saves from 34 shots - (0,912), L, 3-7-1, 60:00 minutes

Players Stats for VANCOUVER VOODOO

Player Name              G  A  P  +/- PIM S  H  SB GA TA FO     MP     PP MP  PK MP  
------------------------------------------------------------------------------------
Andrew Shaw              1  2  3   2  0   6  2  0  0  0  2/4    17:55   6:31   1:22 
Anze Kopitar             0  0  0   0  0   2  0  0  0  0  13/18  14:07   0:00   0:37 
Austin Wagner            0  0  0   0  0   0  1  0  0  0  0/0     6:54   0:00   0:00 
Brayden Point            0  0  0   0  0   5  0  1  0  0  10/21  21:21   5:23   0:17 
Brett Kulak              0  0  0   1  0   0  5  1  0  0  0/0    15:08   0:48   0:54 
Bryan Little             1  0  1   2  0   5  0  0  0  0  14/22  16:33   6:31   0:00 
Cam Atkinson             0  0  0   0  0   4  0  0  0  0  1/1    21:04   5:23   0:00 
Carter Verhaeghe         0  0  0   0  0   1  0  0  0  0  1/5     6:54   0:00   0:00 
Danny DeKeyser           0  0  0   0  0   1  5  1  0  0  0/0    22:23   4:56   1:05 
Joel Eriksson Ek         0  0  0   0  0   1  0  0  0  0  0/0     6:54   0:00   0:00 
Leo Komarov              0  0  0   0  2   0  4  0  0  0  0/1    15:40   0:00   0:00 
Magnus Paajarvi-Svensson 0  2  2   2  0   3  0  0  0  0  0/1    15:25   5:23   0:00 
Mathew Dumba             0  0  0   1  0   0  1  0  0  0  0/0    22:29   6:10   0:00 
Michael Matheson         1  1  2   1  0   2  1  2  0  0  0/0    22:20   4:56   1:05 
Rasmus Andersson         0  0  0   1  0   0  1  1  0  0  0/0    14:46   0:26   0:54 
Rocco Grimaldi           0  0  0   0  0   0  0  0  0  0  0/1    14:07   0:00   0:37 
Shea Theodore            0  0  0   0  0   1  1  0  0  0  0/0    22:54   6:32   0:00 
Tomas Tatar              0  0  0   0  0   3  0  0  0  0  0/2    21:06   6:31   1:05 

Players Stats for SASKATOON DUCKS

Player Name              G  A  P  +/- PIM S  H  SB GA TA FO     MP     PP MP  PK MP  
------------------------------------------------------------------------------------
Andreas Athanasiou       1  0  1   0  2   2  0  0  0  0  0/1    18:05   0:46   0:00 
Anthony Duclair          0  0  0  -2  0   0  0  0  0  0  0/2    17:12   1:13   7:10 
Bryan Rust               0  0  0   0  0   1  1  0  0  0  0/0    15:49   0:00   0:22 
Derek Forbort            0  0  0   0  4   0  2  1  0  0  0/0    20:07   0:00   2:42 
Devon Toews              0  0  0  -2  0   0  1  0  0  0  0/0    19:06   0:47   7:18 
Dylan Strome             0  1  1   0  2   1  1  0  0  0  9/21   18:05   0:46   0:00 
Jakub Vrana              0  0  0   0  0   1  0  0  0  0  0/0    18:06   0:46   0:00 
Joe Thornton             0  0  0   0  0   3  1  0  0  0  11/21  16:40   1:13   0:00 
Jordan Weal              0  0  0   0  0   1  0  0  0  0  2/4     8:53   0:00   4:22 
Martin Hanzal            0  0  0   0  0   0  0  0  0  0  3/7     5:10   0:00   0:39 
Nate Schmidt             0  0  0   0  2   0  0  0  0  0  0/0    19:59   1:12   1:09 
Ondrej Palat             0  0  0   0  0   1  1  0  0  0  0/0    16:40   1:13   0:00 
Robert Fabbri            0  0  0   0  0   1  0  0  0  0  0/0     8:53   0:00   4:22 
Ryan McDonagh            0  0  0   0  0   1  2  0  0  0  0/0    24:35   1:12   5:56 
Ryan Strome              0  0  0  -2  0   1  0  0  0  0  10/19  16:21   0:00   7:32 
Travis Dermott           0  0  0  -2  0   1  1  2  0  0  0/0    17:25   0:47   5:25 
Victor Mete              0  0  0   0  0   0  1  2  0  0  0/0    18:06   0:00   0:39 
Vladislav Namestnikov    0  0  0  -2  2   1  3  0  0  0  0/1     8:48   0:00   0:00 

3 Stars

1 - Andrew Shaw (VAN)
2 - Michael Matheson (VAN)
3 - Magnus Paajarvi-Svensson (VAN)

Power Play

VANCOUVER VOODOO - 0 on 6 Attempt(s) - 0,00%
SASKATOON DUCKS - 0 on 1 Attempt(s) - 0,00%

Penalty Kill

VANCOUVER VOODOO - 1 on 1 Attempt(s) - 100,00% - Score 0 goal in Penalty Kill
SASKATOON DUCKS - 6 on 6 Attempt(s) - 100,00% - Score 0 goal in Penalty Kill

Team Stat

VANCOUVER VOODOO - Hits : 21 - Faceoff Wins : 41 - Blocked Shots : 6 - Penalty Minutes : 2
SASKATOON DUCKS - Hits : 14 - Faceoff Wins : 35 - Blocked Shots : 5 - Penalty Minutes : 12

Official

Referees : Dave Jackson and Jean Hebert
Linesman : Bill Lyons and Paul Reid

Game Notes

No Game Note

Finance

Level 1 -- Attendance: 6477 (98,14%) -- Ticket Income 777 240 $
Level 2 -- Attendance: 5172 (92,36%) -- Ticket Income 387 900 $
Level 3 -- Attendance: 2200 (100,00%) -- Ticket Income 121 000 $
Level 4 -- Attendance: 4600 (100,00%) -- Ticket Income 161 000 $
Luxury Box -- Attendance: 976 (97,60%) -- Ticket Income 234 240 $
Total Attendance: 19425 (97,13%)
Total Ticket Income: 1 681 380 $
Other Income: 504 414 $
Total Income: 2 185 794 $

VANCOUVER VOODOO

5 vs 5 Forward 
   Center                   Left Wing                Right Wing               Time % Phy DF OF 
 1 Brayden Point            Leo Komarov              Cam Atkinson             34     1   1  3  
 2 Anze Kopitar             Tomas Tatar              Rocco Grimaldi           32     1   2  2  
 3 Bryan Little             Magnus Paajarvi-Svensson Andrew Shaw              27     2   2  1  
 4 Carter Verhaeghe         Austin Wagner            Joel Eriksson Ek         7      1   3  1  

5 vs 5 Defense 
   Defense                  Defense                                           Time % Phy DF OF 
 1 Danny DeKeyser           Shea Theodore                                     37     1   2  2  
 2 Mathew Dumba             Michael Matheson                                  36     1   2  2  
 3 Rasmus Andersson         Brett Kulak                                       27     2   2  1  
 4 Brett Kulak              Michael Matheson                                  0      1   2  2  

PowerPlay Forward 
   Center                   Left Wing                Right Wing               Time % Phy DF OF 
 1 Brayden Point            Magnus Paajarvi-Svensson Cam Atkinson             50     0   1  4  
 2 Bryan Little             Tomas Tatar              Andrew Shaw              50     1   1  3  

PowerPlay Defense
   Defense                  Defense                                           Time % Phy DF OF 
 1 Mathew Dumba             Shea Theodore                                     59     1   0  4  
 2 Michael Matheson         Danny DeKeyser                                    41     1   2  2  

Penalty Kill 4 Players Forward 
   Center                   Wing                     Time % Phy DF OF 
 1 Anze Kopitar             Rocco Grimaldi           50     1   3  1  
 2 Andrew Shaw              Tomas Tatar              50     2   3  0  

Penalty Kill 4 Players Defense
   Defense                  Defense                  Time % Phy DF OF 
 1 Danny DeKeyser           Michael Matheson         58     1   4  0  
 2 Rasmus Andersson         Brett Kulak              42     1   2  2  

Penalty Kill - 3 Players Forward 
   Forward                                           Time % Phy DF OF 
 1 Anze Kopitar                                      55     2   2  1  
 2 Brayden Point                                     45     1   3  1  

Penalty Kill - 3 Players Defense
   Defense                  Defense                  Time % Phy DF OF 
 1 Shea Theodore            Michael Matheson         60     1   4  0  
 2 Mathew Dumba             Danny DeKeyser           40     2   1  2  

4 vs 4 Forward 
   Center                   Wing                     Time % Phy DF OF 
 1 Bryan Little             Rocco Grimaldi           50     1   3  1  
 2 Leo Komarov              Austin Wagner            50     2   2  1  

4 vs 4 Defense
   Defense                  Defense                  Time % Phy DF OF 
 1 Rasmus Andersson         Michael Matheson         50     2   2  1  
 2 Mathew Dumba             Brett Kulak              50     1   1  3  

Last Minutes Offensive
   Center                   Left Wing                Right Wing               Defense                  Defense                  
   Anze Kopitar             Brayden Point            Cam Atkinson             Mathew Dumba             Michael Matheson         

Last Minutes Defensive
   Center                   Left Wing                Right Wing               Defense                  Defense                  
   Anze Kopitar             Tomas Tatar              Rocco Grimaldi           Danny DeKeyser           Michael Matheson         

Goaltenders
Starting : Carey Price              
Backup : Pheonix Copley           

Extra Forwards
Normal : Bryan Little, Tomas Tatar, Andrew Shaw - PP : Bryan Little, Rocco Grimaldi - PK : Brayden Point
Extra Defensemen
Normal : Brett Kulak, Rasmus Andersson, Mathew Dumba - PP : Rasmus Andersson - PK : Rasmus Andersson, Mathew Dumba
Penalty Shots
Anze Kopitar, Brayden Point, Cam Atkinson, Tomas Tatar, Andrew Shaw
Custom OT Lines Forwards
Brayden Point, Cam Atkinson, Anze Kopitar, Tomas Tatar, Andrew Shaw, Bryan Little, Rocco Grimaldi, Leo Komarov, Magnus Paajarvi-Svensson, Joel Eriksson Ek
Custom OT Lines Defensemen
Michael Matheson, Danny DeKeyser, Shea Theodore, Mathew Dumba, Brett Kulak

Scratches
Jay Bouwmeester (Lacerated Right Calf Injury), Sebastien Aho (Healthy), Christian Wolanin (Sports Hernia Injury), Nikita Scherbak (Healthy)

SASKATOON DUCKS

5 vs 5 Forward 
   Center                   Left Wing                Right Wing               Time % Phy DF OF 
 1 Dylan Strome             Jakub Vrana              Andreas Athanasiou       35     1   1  3  
 2 Joe Thornton             Ondrej Palat             Bryan Rust               32     1   1  3  
 3 Ryan Strome              Vladislav Namestnikov    Anthony Duclair          23     1   3  1  
 4 Martin Hanzal            Robert Fabbri            Jordan Weal              10     1   2  2  

5 vs 5 Defense 
   Defense                  Defense                                           Time % Phy DF OF 
 1 Ryan McDonagh            Nate Schmidt                                      40     1   3  1  
 2 Derek Forbort            Victor Mete                                       31     0   4  1  
 3 Travis Dermott           Devon Toews                                       21     0   5  0  
 4 Ryan McDonagh            Nate Schmidt                                      8      1   2  2  

PowerPlay Forward 
   Center                   Left Wing                Right Wing               Time % Phy DF OF 
 1 Dylan Strome             Jakub Vrana              Andreas Athanasiou       55     0   0  5  
 2 Joe Thornton             Ondrej Palat             Anthony Duclair          45     0   1  4  

PowerPlay Defense
   Defense                  Defense                                           Time % Phy DF OF 
 1 Ryan McDonagh            Nate Schmidt                                      55     0   1  4  
 2 Travis Dermott           Devon Toews                                       45     0   2  3  

Penalty Kill 4 Players Forward 
   Center                   Wing                     Time % Phy DF OF 
 1 Ryan Strome              Anthony Duclair          55     1   2  2  
 2 Jordan Weal              Robert Fabbri            45     1   2  2  

Penalty Kill 4 Players Defense
   Defense                  Defense                  Time % Phy DF OF 
 1 Travis Dermott           Derek Forbort            55     1   2  2  
 2 Devon Toews              Ryan McDonagh            45     1   2  2  

Penalty Kill - 3 Players Forward 
   Forward                                           Time % Phy DF OF 
 1 Jordan Weal                                       55     1   2  2  
 2 Ryan Strome                                       45     1   2  2  

Penalty Kill - 3 Players Defense
   Defense                  Defense                  Time % Phy DF OF 
 1 Travis Dermott           Derek Forbort            55     1   2  2  
 2 Devon Toews              Nate Schmidt             45     1   2  2  

4 vs 4 Forward 
   Center                   Wing                     Time % Phy DF OF 
 1 Joe Thornton             Andreas Athanasiou       55     1   2  2  
 2 Dylan Strome             Jakub Vrana              45     1   2  2  

4 vs 4 Defense
   Defense                  Defense                  Time % Phy DF OF 
 1 Ryan McDonagh            Nate Schmidt             55     1   2  2  
 2 Derek Forbort            Travis Dermott           45     1   2  2  

Last Minutes Offensive
   Center                   Left Wing                Right Wing               Defense                  Defense                  
   Dylan Strome             Jakub Vrana              Andreas Athanasiou       Ryan McDonagh            Nate Schmidt             

Last Minutes Defensive
   Center                   Left Wing                Right Wing               Defense                  Defense                  
   Joe Thornton             Bryan Rust               Vladislav Namestnikov    Ryan McDonagh            Nate Schmidt             

Goaltenders
Starting : Cameron Talbot           
Backup : Jared Coreau             

Extra Forwards
Normal : Jakub Vrana, Ryan Strome, Jordan Weal - PP : Bryan Rust, Ondrej Palat - PK : Jordan Weal
Extra Defensemen
Normal : Travis Dermott, Devon Toews, Derek Forbort - PP : Travis Dermott - PK : Devon Toews, Derek Forbort
Penalty Shots
Andreas Athanasiou, Dylan Strome, Joe Thornton, Bryan Rust, Ondrej Palat
Custom OT Lines Forwards
Joe Thornton, Dylan Strome, Bryan Rust, Andreas Athanasiou, Ondrej Palat, Vladislav Namestnikov, Jakub Vrana, Ryan Strome, Jordan Weal, Anthony Duclair
Custom OT Lines Defensemen
Ryan McDonagh, Nate Schmidt, Derek Forbort, Devon Toews, Travis Dermott

Scratches
Jarred Tinordi (Healthy), Jake McCabe (Upper Body Injury), Mason Geertsen (Healthy), Jordan Binnington (Sprained Left Ankle Injury)

% Time on Ice - VANCOUVER VOODOO

Lines # - Real PCT - Wanted PCT - Time Play
Normal Forward
1 - 34% - 34% - 15:41
2 - 29% - 32% - 13:30
3 - 22% - 27% - 10:02
4 - 15% - 7% - 6:54
Normal Defense
1 - 35% - 37% - 16:22
2 - 35% - 36% - 16:19
3 - 29% - 27% - 13:26
4 - 0% - 0% - 0:00
PP Forward
1 - 45% - 50% - 5:23
2 - 55% - 50% - 6:31
PP Defense
1 - 59% - 59% - 6:58
2 - 41% - 41% - 4:56
PK Forward
1 - 31% - 50% - 0:37
2 - 69% - 50% - 1:22
PK Defense
1 - 55% - 58% - 1:05
2 - 45% - 42% - 0:54
PK3 Forward
1 - 0% - 55%
2 - 0% - 45%
PK3 Defense
1 - 0% - 60%
2 - 0% - 40%
44 Forward
1 - 0% - 50%
2 - 0% - 50%
44 Defense
1 - 0% - 50%
2 - 0% - 50%
Last Minute Offensive  - 0:00
Last Minute Defensive  - 0:00
Total
Forward - 60:00
Defense - 60:00

% Time on Ice - SASKATOON DUCKS

Lines # - Real PCT - Wanted PCT - Time Play
Normal Forward
1 - 38% - 35% - 17:20
2 - 34% - 32% - 15:27
3 - 19% - 23% - 8:49
4 - 10% - 10% - 4:31
Normal Defense
1 - 37% - 40% - 16:53
2 - 38% - 31% - 17:27
3 - 24% - 21% - 11:01
4 - 2% - 8% - 0:46
PP Forward
1 - 39% - 55% - 0:46
2 - 61% - 45% - 1:13
PP Defense
1 - 61% - 55% - 1:12
2 - 39% - 45% - 0:47
PK Forward
1 - 63% - 55% - 7:32
2 - 37% - 45% - 4:22
PK Defense
1 - 60% - 55% - 7:07
2 - 40% - 45% - 4:47
PK3 Forward
1 - 0% - 55%
2 - 0% - 45%
PK3 Defense
1 - 0% - 55%
2 - 0% - 45%
44 Forward
1 - 0% - 55%
2 - 0% - 45%
44 Defense
1 - 0% - 55%
2 - 0% - 45%
Last Minute Offensive  - 0:00
Last Minute Defensive  - 0:00
Total
Forward - 60:00
Defense - 60:00

Play-by-Play

1st period


0:01 of 1st period - Dylan Strome wins face-off versus Brayden Point in neutral zone.
1:52 of 1st period - Joe Thornton is hit by Brett Kulak and loses puck.
2:09 of 1st period - Shot by Andrew Shaw.
2:09 of 1st period - Shot Misses the Net.
2:25 of 1st period - Vladislav Namestnikov is hit by Rasmus Andersson and loses puck.
2:30 of 1st period - Shot by Vladislav Namestnikov.
2:30 of 1st period - Stopped by Carey Price without a rebound.
2:31 of 1st period - Martin Hanzal wins face-off versus Carter Verhaeghe in VANCOUVER VOODOO zone.
2:42 of 1st period - Shot by Joel Eriksson Ek.
2:42 of 1st period - Shot Hit the Post.
2:44 of 1st period - Shot by Danny DeKeyser.
2:44 of 1st period - Stopped by Cameron Talbot without a rebound.
2:45 of 1st period - Dylan Strome wins face-off versus Brayden Point in SASKATOON DUCKS zone.
3:01 of 1st period - Shot by Brayden Point.
3:01 of 1st period - Shot Misses the Net.
3:17 of 1st period - Shot by Brayden Point.
3:17 of 1st period - Stopped by Cameron Talbot without a rebound.
3:18 of 1st period - Anze Kopitar wins face-off versus Joe Thornton in SASKATOON DUCKS zone.
4:10 of 1st period - Minor Penalty to Vladislav Namestnikov for Hooking.
4:11 of 1st period - Brayden Point wins face-off versus Ryan Strome in SASKATOON DUCKS zone.
4:18 of 1st period - Shot by Cam Atkinson.
4:18 of 1st period - Shot Misses the Net.
4:20 of 1st period - Shot by Mathew Dumba.
4:20 of 1st period - Shot Misses the Net.
4:32 of 1st period - Shot by Cam Atkinson.
4:32 of 1st period - Shot Blocked by Derek Forbort.
4:34 of 1st period - Shot by Brayden Point.
4:34 of 1st period - Stopped by Cameron Talbot with a rebound.
4:36 of 1st period - Shot by Brayden Point.
4:36 of 1st period - Stopped by Cameron Talbot without a rebound.
4:37 of 1st period - Jordan Weal wins face-off versus Bryan Little in SASKATOON DUCKS zone.
4:52 of 1st period - Shot by Tomas Tatar.
4:52 of 1st period - Shot Blocked by Travis Dermott.
5:49 of 1st period - Off-side.
5:50 of 1st period - Ryan Strome wins face-off versus Brayden Point in neutral zone.
6:05 of 1st period - Shot by Brayden Point.
6:05 of 1st period - Stopped by Cameron Talbot with a rebound.
6:07 of 1st period - Shot by Magnus Paajarvi-Svensson.
6:07 of 1st period - Shot Misses the Net.
6:42 of 1st period - Shot by Andreas Athanasiou.
6:42 of 1st period - Stopped by Carey Price without a rebound.
6:43 of 1st period - Brayden Point wins face-off versus Joe Thornton in VANCOUVER VOODOO zone.
7:05 of 1st period - Joe Thornton is hit by Mathew Dumba.
7:09 of 1st period - Shot by Bryan Rust.
7:09 of 1st period - Shot Misses the Net.
7:13 of 1st period - Shot by Ondrej Palat.
7:13 of 1st period - Shot Blocked by Michael Matheson.
7:18 of 1st period - Icing by Michael Matheson.
7:19 of 1st period - Ryan Strome wins face-off versus Leo Komarov in VANCOUVER VOODOO zone.
7:58 of 1st period - Mathew Dumba is hit by Vladislav Namestnikov.
8:59 of 1st period - Icing by Victor Mete.
9:00 of 1st period - Anze Kopitar wins face-off versus Dylan Strome in SASKATOON DUCKS zone.
9:38 of 1st period - Minor Penalty to Nate Schmidt for Interference.
9:39 of 1st period - Ryan Strome wins face-off versus Tomas Tatar in SASKATOON DUCKS zone.
9:45 of 1st period - Icing by Andrew Shaw.
9:46 of 1st period - Bryan Little wins face-off versus Ryan Strome in VANCOUVER VOODOO zone.
10:04 of 1st period - Shot by Andrew Shaw.
10:04 of 1st period - Shot Misses the Net.
10:08 of 1st period - Shot by Tomas Tatar.
10:08 of 1st period - Shot Misses the Net.
11:26 of 1st period - Ryan McDonagh is hit by Andrew Shaw and loses puck.
12:57 of 1st period - Icing by Dylan Strome.
12:58 of 1st period - Bryan Little wins face-off versus Dylan Strome in SASKATOON DUCKS zone.
12:59 of 1st period - Shot by Andrew Shaw.
12:59 of 1st period - Deflect By Magnus Paajarvi-Svensson.
12:59 of 1st period - Shot Misses the Net.
13:07 of 1st period - Shot by Andreas Athanasiou.
13:07 of 1st period - Shot Misses the Net.
13:35 of 1st period - Shot by Bryan Little.
13:35 of 1st period - Stopped by Cameron Talbot without a rebound.
13:36 of 1st period - Joe Thornton wins face-off versus Brayden Point in SASKATOON DUCKS zone.
14:47 of 1st period - Shot by Anze Kopitar.
14:47 of 1st period - Stopped by Cameron Talbot without a rebound.
14:48 of 1st period - Ryan Strome wins face-off versus Magnus Paajarvi-Svensson in SASKATOON DUCKS zone.
15:04 of 1st period - Shot by Andrew Shaw.
15:04 of 1st period - Stopped by Cameron Talbot with a rebound.
15:08 of 1st period - Shot by Bryan Little.
15:08 of 1st period - Goal by Bryan Little - VANCOUVER VOODOO : 1 - SASKATOON DUCKS : 0.
15:09 of 1st period - Anze Kopitar wins face-off versus Martin Hanzal in neutral zone.
16:11 of 1st period - Icing by Vladislav Namestnikov.
16:12 of 1st period - Ryan Strome wins face-off versus Brayden Point in SASKATOON DUCKS zone.
16:42 of 1st period - Icing by Danny DeKeyser.
16:43 of 1st period - Brayden Point wins face-off versus Dylan Strome in VANCOUVER VOODOO zone.
17:22 of 1st period - Dylan Strome is hit by Danny DeKeyser and loses puck.
18:17 of 1st period - Shot by Bryan Little.
18:17 of 1st period - Stopped by Cameron Talbot without a rebound.
18:18 of 1st period - Joe Thornton wins face-off versus Rocco Grimaldi in SASKATOON DUCKS zone.
18:34 of 1st period - Icing by Rasmus Andersson.
18:35 of 1st period - Anze Kopitar wins face-off versus Ryan Strome in VANCOUVER VOODOO zone.
18:35 of 1st period - Anze Kopitar is hit by Vladislav Namestnikov.
18:55 of 1st period - Shot by Ryan Strome.
18:55 of 1st period - Stopped by Carey Price without a rebound.
18:56 of 1st period - Joe Thornton wins face-off versus Carter Verhaeghe in VANCOUVER VOODOO zone.
19:07 of 1st period - Shot by Joe Thornton.
19:07 of 1st period - Shot Blocked by Michael Matheson.
19:29 of 1st period - Shot by Joe Thornton.
19:29 of 1st period - Stopped by Carey Price without a rebound.
19:30 of 1st period - Ryan Strome wins face-off versus Bryan Little in VANCOUVER VOODOO zone.
19:30 of 1st period - Ryan Strome is hit by Danny DeKeyser.
19:34 of 1st period - Shot by Anthony Duclair.
19:34 of 1st period - Shot Misses the Net.
19:55 of 1st period - Shot by Andrew Shaw.
19:55 of 1st period - Shot Blocked by Victor Mete.
19:57 of 1st period - Shot by Shea Theodore.
19:57 of 1st period - Stopped by Cameron Talbot without a rebound.
19:58 of 1st period - Martin Hanzal wins face-off versus Anze Kopitar in SASKATOON DUCKS zone.
Goals for this period are 1 for VANCOUVER VOODOO vs 0 for SASKATOON DUCKS.
Shots for this period are 11 for VANCOUVER VOODOO vs 4 for SASKATOON DUCKS.

2nd period


0:01 of 2nd period - Anze Kopitar wins face-off versus Joe Thornton in neutral zone.
0:11 of 2nd period - Shot by Ondrej Palat.
0:11 of 2nd period - Stopped by Carey Price without a rebound.
0:12 of 2nd period - Dylan Strome wins face-off versus Andrew Shaw in VANCOUVER VOODOO zone.
0:12 of 2nd period - Andreas Athanasiou is hit by Michael Matheson.
0:16 of 2nd period - Shot by Jakub Vrana.
0:16 of 2nd period - Stopped by Carey Price without a rebound.
0:17 of 2nd period - Joe Thornton wins face-off versus Anze Kopitar in VANCOUVER VOODOO zone.
0:17 of 2nd period - Joe Thornton is hit by Shea Theodore.
0:22 of 2nd period - Icing by Tomas Tatar.
0:23 of 2nd period - Joe Thornton wins face-off versus Anze Kopitar in VANCOUVER VOODOO zone.
1:19 of 2nd period - Icing by Tomas Tatar.
1:20 of 2nd period - Anze Kopitar wins face-off versus Dylan Strome in VANCOUVER VOODOO zone.
1:26 of 2nd period - Anze Kopitar is hit by Devon Toews and loses puck.
1:59 of 2nd period - Shot by Andrew Shaw.
1:59 of 2nd period - Shot Misses the Net.
2:01 of 2nd period - Shot by Michael Matheson.
2:01 of 2nd period - Goal by Michael Matheson - VANCOUVER VOODOO : 2 - SASKATOON DUCKS : 0.
2:02 of 2nd period - Brayden Point wins face-off versus Vladislav Namestnikov in neutral zone.
2:34 of 2nd period - Brayden Point is hit by Victor Mete and loses puck.
2:52 of 2nd period - Icing by Derek Forbort.
2:53 of 2nd period - Ryan Strome wins face-off versus Bryan Little in SASKATOON DUCKS zone.
3:21 of 2nd period - Shot by Andrew Shaw.
3:21 of 2nd period - Stopped by Cameron Talbot with a rebound.
3:23 of 2nd period - Shot by Magnus Paajarvi-Svensson.
3:23 of 2nd period - Shot Misses the Net.
3:53 of 2nd period - Shot by Tomas Tatar.
3:53 of 2nd period - Stopped by Cameron Talbot without a rebound.
3:54 of 2nd period - Anze Kopitar wins face-off versus Joe Thornton in SASKATOON DUCKS zone.
3:55 of 2nd period - Shot by Tomas Tatar.
3:55 of 2nd period - Shot Blocked by Travis Dermott.
4:07 of 2nd period - Danny DeKeyser is hit by Bryan Rust.
4:19 of 2nd period - Shot by Joe Thornton.
4:19 of 2nd period - Shot Blocked by Danny DeKeyser.
4:46 of 2nd period - Off-side.
4:47 of 2nd period - Brayden Point wins face-off versus Dylan Strome in neutral zone.
5:11 of 2nd period - Shot by Cam Atkinson.
5:11 of 2nd period - Stopped by Cameron Talbot without a rebound.
5:12 of 2nd period - Bryan Little wins face-off versus Martin Hanzal in SASKATOON DUCKS zone.
5:16 of 2nd period - Icing by Nate Schmidt.
5:17 of 2nd period - Bryan Little wins face-off versus Martin Hanzal in SASKATOON DUCKS zone.
5:25 of 2nd period - Shot by Magnus Paajarvi-Svensson.
5:25 of 2nd period - Shot Misses the Net.
5:37 of 2nd period - Shot by Andrew Shaw.
5:37 of 2nd period - Shot Misses the Net.
5:39 of 2nd period - Shot by Magnus Paajarvi-Svensson.
5:39 of 2nd period - Deflect By Bryan Little.
5:39 of 2nd period - Stopped by Cameron Talbot with a rebound.
5:41 of 2nd period - Shot by Mathew Dumba.
5:41 of 2nd period - Shot Misses the Net.
5:43 of 2nd period - Shot by Bryan Little.
5:43 of 2nd period - Stopped by Cameron Talbot without a rebound.
5:44 of 2nd period - Dylan Strome wins face-off versus Brayden Point in SASKATOON DUCKS zone.
5:44 of 2nd period - Jakub Vrana is hit by Leo Komarov and loses puck.
5:53 of 2nd period - Shot by Brayden Point.
5:53 of 2nd period - Shot Blocked by Victor Mete.
5:58 of 2nd period - Dylan Strome is hit by Leo Komarov and loses puck.
6:22 of 2nd period - Andreas Athanasiou is hit by Danny DeKeyser and loses puck.
6:26 of 2nd period - Minor Penalty to Andreas Athanasiou for Tripping.
6:27 of 2nd period - Bryan Little wins face-off versus Ryan Strome in SASKATOON DUCKS zone.
6:28 of 2nd period - Shot by Tomas Tatar.
6:28 of 2nd period - Shot Misses the Net.
8:40 of 2nd period - Dylan Strome is hit by Brett Kulak and loses puck.
9:37 of 2nd period - Tomas Tatar is hit by Derek Forbort and loses puck.
10:02 of 2nd period - Danny DeKeyser is hit by Derek Forbort and loses puck.
10:19 of 2nd period - Icing by Victor Mete.
10:20 of 2nd period - Joe Thornton wins face-off versus Bryan Little in SASKATOON DUCKS zone.
10:20 of 2nd period - Ondrej Palat is hit by Andrew Shaw and loses puck.
10:38 of 2nd period - Magnus Paajarvi-Svensson is hit by Vladislav Namestnikov and loses puck.
13:08 of 2nd period - Shot by Magnus Paajarvi-Svensson.
13:08 of 2nd period - Stopped by Cameron Talbot without a rebound.
13:09 of 2nd period - Joe Thornton wins face-off versus Carter Verhaeghe in SASKATOON DUCKS zone.
13:34 of 2nd period - Shot by Carter Verhaeghe.
13:34 of 2nd period - Shot Misses the Net.
14:07 of 2nd period - Icing by Derek Forbort.
14:08 of 2nd period - Joe Thornton wins face-off versus Brayden Point in SASKATOON DUCKS zone.
14:08 of 2nd period - Ondrej Palat is hit by Leo Komarov and loses puck.
14:15 of 2nd period - Victor Mete is hit by Danny DeKeyser and loses puck.
14:28 of 2nd period - Shot by Cam Atkinson.
14:28 of 2nd period - Stopped by Cameron Talbot without a rebound.
14:29 of 2nd period - Anze Kopitar wins face-off versus Ryan Strome in SASKATOON DUCKS zone.
14:29 of 2nd period - Anze Kopitar is hit by Ryan McDonagh.
14:31 of 2nd period - Shot by Tomas Tatar.
14:31 of 2nd period - Stopped by Cameron Talbot without a rebound.
14:32 of 2nd period - Anze Kopitar wins face-off versus Dylan Strome in SASKATOON DUCKS zone.
14:39 of 2nd period - Shot by Anze Kopitar.
14:39 of 2nd period - Stopped by Cameron Talbot with a rebound.
16:16 of 2nd period - Icing by Andrew Shaw.
16:17 of 2nd period - Bryan Little wins face-off versus Joe Thornton in VANCOUVER VOODOO zone.
16:25 of 2nd period - Icing by Joe Thornton.
16:26 of 2nd period - Brayden Point wins face-off versus Joe Thornton in SASKATOON DUCKS zone.
16:41 of 2nd period - Shot by Brayden Point.
16:41 of 2nd period - Shot Misses the Net.
17:36 of 2nd period - Shot by Dylan Strome.
17:36 of 2nd period - Shot Misses the Net.
17:46 of 2nd period - Shot by Andreas Athanasiou.
17:46 of 2nd period - Deflect By Dylan Strome.
17:46 of 2nd period - Stopped by Carey Price without a rebound.
17:47 of 2nd period - Anze Kopitar wins face-off versus Ryan Strome in VANCOUVER VOODOO zone.
18:01 of 2nd period - Shot by Anthony Duclair.
18:01 of 2nd period - Shot Misses the Net.
18:03 of 2nd period - Shot by Anthony Duclair.
18:03 of 2nd period - Shot Misses the Net.
18:05 of 2nd period - Shot by Travis Dermott.
18:05 of 2nd period - Stopped by Carey Price without a rebound.
18:06 of 2nd period - Dylan Strome wins face-off versus Bryan Little in VANCOUVER VOODOO zone.
18:15 of 2nd period - Shot by Andreas Athanasiou.
18:15 of 2nd period - Goal by Andreas Athanasiou - VANCOUVER VOODOO : 2 - SASKATOON DUCKS : 1.
18:16 of 2nd period - Brayden Point wins face-off versus Ryan Strome in neutral zone.
19:30 of 2nd period - Minor Penalty to Derek Forbort for Diving.
19:31 of 2nd period - Bryan Little wins face-off versus Jordan Weal in SASKATOON DUCKS zone.
19:59 of 2nd period - Andrew Shaw is hit by Travis Dermott and loses puck.
Goals for this period are 1 for VANCOUVER VOODOO vs 1 for SASKATOON DUCKS.
Shots for this period are 10 for VANCOUVER VOODOO vs 5 for SASKATOON DUCKS.

3rd period


0:01 of 3rd period - Ryan Strome wins face-off versus Brayden Point in neutral zone.
0:46 of 3rd period - Shot by Brayden Point.
0:46 of 3rd period - Shot Misses the Net.
1:04 of 3rd period - Shot by Andrew Shaw.
1:04 of 3rd period - Stopped by Cameron Talbot without a rebound.
1:05 of 3rd period - Andrew Shaw wins face-off versus Jordan Weal in SASKATOON DUCKS zone.
1:34 of 3rd period - Shot by Carter Verhaeghe.
1:34 of 3rd period - Stopped by Cameron Talbot without a rebound.
1:35 of 3rd period - Carter Verhaeghe wins face-off versus Dylan Strome in SASKATOON DUCKS zone.
1:36 of 3rd period - Shot by Joel Eriksson Ek.
1:36 of 3rd period - Stopped by Cameron Talbot with a rebound.
2:08 of 3rd period - Shot by Andreas Athanasiou.
2:08 of 3rd period - Shot Blocked by Brett Kulak.
2:10 of 3rd period - Shot by Ryan McDonagh.
2:10 of 3rd period - Stopped by Carey Price without a rebound.
2:11 of 3rd period - Bryan Little wins face-off versus Joe Thornton in VANCOUVER VOODOO zone.
2:11 of 3rd period - Bryan Little is hit by Ondrej Palat.
2:42 of 3rd period - Icing by Derek Forbort.
2:43 of 3rd period - Anze Kopitar wins face-off versus Joe Thornton in SASKATOON DUCKS zone.
2:57 of 3rd period - Shot by Anze Kopitar.
2:57 of 3rd period - Shot Misses the Net.
2:59 of 3rd period - Shot by Tomas Tatar.
2:59 of 3rd period - Shot Misses the Net.
3:28 of 3rd period - Off-side.
3:29 of 3rd period - Bryan Little wins face-off versus Dylan Strome in neutral zone.
3:31 of 3rd period - Off-side.
3:32 of 3rd period - Bryan Little wins face-off versus Dylan Strome in neutral zone.
3:35 of 3rd period - Shot by Andrew Shaw.
3:35 of 3rd period - Stopped by Cameron Talbot without a rebound.
3:36 of 3rd period - Dylan Strome wins face-off versus Brayden Point in SASKATOON DUCKS zone.
3:38 of 3rd period - Icing by Nate Schmidt.
3:39 of 3rd period - Brayden Point wins face-off versus Andreas Athanasiou in SASKATOON DUCKS zone.
3:41 of 3rd period - Cam Atkinson is hit by Ryan McDonagh and loses puck.
3:59 of 3rd period - Mathew Dumba is hit by Dylan Strome and loses puck.
4:03 of 3rd period - Minor Penalty to Dylan Strome for Tripping.
4:04 of 3rd period - Bryan Little wins face-off versus Ryan Strome in SASKATOON DUCKS zone.
4:24 of 3rd period - Icing by Tomas Tatar.
4:25 of 3rd period - Ryan Strome wins face-off versus Bryan Little in VANCOUVER VOODOO zone.
6:58 of 3rd period - Icing by Derek Forbort.
6:59 of 3rd period - Dylan Strome wins face-off versus Anze Kopitar in SASKATOON DUCKS zone.
7:20 of 3rd period - Shot by Joe Thornton.
7:20 of 3rd period - Stopped by Carey Price without a rebound.
7:21 of 3rd period - Martin Hanzal wins face-off versus Bryan Little in VANCOUVER VOODOO zone.
8:00 of 3rd period - Shot by Andrew Shaw.
8:00 of 3rd period - Stopped by Cameron Talbot without a rebound.
8:01 of 3rd period - Joe Thornton wins face-off versus Brayden Point in SASKATOON DUCKS zone.
8:06 of 3rd period - Shot by Cam Atkinson.
8:06 of 3rd period - Shot Misses the Net.
8:08 of 3rd period - Shot by Cam Atkinson.
8:08 of 3rd period - Stopped by Cameron Talbot without a rebound.
8:09 of 3rd period - Brayden Point wins face-off versus Joe Thornton in SASKATOON DUCKS zone.
9:12 of 3rd period - Anze Kopitar is hit by Joe Thornton and loses puck.
9:23 of 3rd period - Shot by Tomas Tatar.
9:23 of 3rd period - Stopped by Cameron Talbot without a rebound.
9:24 of 3rd period - Bryan Little wins face-off versus Anthony Duclair in SASKATOON DUCKS zone.
9:28 of 3rd period - Shot by Magnus Paajarvi-Svensson.
9:28 of 3rd period - Stopped by Cameron Talbot without a rebound.
9:29 of 3rd period - Bryan Little wins face-off versus Anthony Duclair in SASKATOON DUCKS zone.
9:59 of 3rd period - Shot by Andrew Shaw.
9:59 of 3rd period - Goal by Andrew Shaw - VANCOUVER VOODOO : 3 - SASKATOON DUCKS : 1.
10:00 of 3rd period - Dylan Strome wins face-off versus Anze Kopitar in neutral zone.
10:14 of 3rd period - Andreas Athanasiou is hit by Danny DeKeyser and loses puck.
11:48 of 3rd period - Minor Penalty to Leo Komarov for Tripping.
11:49 of 3rd period - Joe Thornton wins face-off versus Andrew Shaw in VANCOUVER VOODOO zone.
12:14 of 3rd period - Shot by Joe Thornton.
12:14 of 3rd period - Stopped by Carey Price with a rebound.
12:43 of 3rd period - Icing by Nate Schmidt.
12:44 of 3rd period - Andrew Shaw wins face-off versus Dylan Strome in SASKATOON DUCKS zone.
12:59 of 3rd period - Shot by Brayden Point.
12:59 of 3rd period - Stopped by Cameron Talbot with a rebound.
13:01 of 3rd period - Shot by Andrew Shaw.
13:01 of 3rd period - Shot Misses the Net.
13:03 of 3rd period - Shot by Michael Matheson.
13:03 of 3rd period - Stopped by Cameron Talbot without a rebound.
13:04 of 3rd period - Anze Kopitar wins face-off versus Joe Thornton in SASKATOON DUCKS zone.
13:56 of 3rd period - Shot by Robert Fabbri.
13:56 of 3rd period - Stopped by Carey Price without a rebound.
13:57 of 3rd period - Brayden Point wins face-off versus Martin Hanzal in VANCOUVER VOODOO zone.
14:05 of 3rd period - Robert Fabbri is hit by Brett Kulak and loses puck.
14:19 of 3rd period - Shot by Jordan Weal.
14:19 of 3rd period - Stopped by Carey Price without a rebound.
14:20 of 3rd period - Dylan Strome wins face-off versus Carter Verhaeghe in VANCOUVER VOODOO zone.
14:45 of 3rd period - Travis Dermott is hit by Austin Wagner and loses puck.
15:43 of 3rd period - Shot by Tomas Tatar.
15:43 of 3rd period - Shot Misses the Net.
16:01 of 3rd period - Icing by Travis Dermott.
16:02 of 3rd period - Cam Atkinson wins face-off versus Dylan Strome in SASKATOON DUCKS zone.
16:39 of 3rd period - Shot by Bryan Rust.
16:39 of 3rd period - Shot Blocked by Rasmus Andersson.
16:41 of 3rd period - Shot by Nate Schmidt.
16:41 of 3rd period - Shot Blocked by Brayden Point.
17:01 of 3rd period - Shot by Andrew Shaw.
17:01 of 3rd period - Shot Misses the Net.
17:03 of 3rd period - Shot by Magnus Paajarvi-Svensson.
17:03 of 3rd period - Stopped by Cameron Talbot without a rebound.
17:04 of 3rd period - Bryan Little wins face-off versus Ryan Strome in SASKATOON DUCKS zone.
17:06 of 3rd period - Minor Penalty to Derek Forbort for Boarding.
17:07 of 3rd period - Ryan Strome wins face-off versus Bryan Little in SASKATOON DUCKS zone.
18:38 of 3rd period - Shot by Brayden Point.
18:38 of 3rd period - Deflect By Cam Atkinson.
18:38 of 3rd period - Stopped by Cameron Talbot without a rebound.
18:39 of 3rd period - Jordan Weal wins face-off versus Tomas Tatar in SASKATOON DUCKS zone.
19:09 of 3rd period - Shot by Tomas Tatar.
19:09 of 3rd period - Shot Misses the Net.
19:16 of 3rd period - Icing by Victor Mete.
19:17 of 3rd period - Joe Thornton wins face-off versus Brayden Point in SASKATOON DUCKS zone.
19:17 of 3rd period - Joe Thornton is hit by Leo Komarov.
19:34 of 3rd period - Ondrej Palat is hit by Brett Kulak and loses puck.
19:50 of 3rd period - Joe Thornton is hit by Brett Kulak and loses puck.
19:53 of 3rd period - Shot by Bryan Rust.
19:53 of 3rd period - Stopped by Carey Price without a rebound.
19:54 of 3rd period - Anze Kopitar wins face-off versus Dylan Strome in VANCOUVER VOODOO zone.
Goals for this period are 1 for VANCOUVER VOODOO vs 0 for SASKATOON DUCKS.
Shots for this period are 13 for VANCOUVER VOODOO vs 6 for SASKATOON DUCKS.


AUSTON
MATTHEWS
JOEL
ERIKSSON
MATHEW
BARZAL

EAST COAST

HOCKEY LEAGUE

  • 21.PIT7MAN3
  • 22.ATL3NHW4
  • 23.WOR5PET4
  • 24.3RHI4
  • 25.QUECHI
  • 26.CHALIM
  • 27.TRVLON
  • 28.CHWBAL